 Dungeon Crawl Stone Soup version 0.31-a0-441-g867994ef1c (webtiles) character file.

Game seed: 3954705600625008570

361 sunglassesatnite the Poker (level 6, -2/55 HPs)
             Began as a Minotaur Fighter on Aug 2, 2023.
             Was an Initiate of Sif Muna.
             Slain by a centaur (3 damage)
             ... on level 5 of the Dungeon.
             The game lasted 00:27:26 (1717 turns).

sunglassesatnite the Poker (Minotaur Fighter)       Turns: 1717, Time: 00:27:26

Health: -2/55      AC:  7    Str: 22    XL:     6   Next: 38%
Magic:  5/5        EV:  9    Int:  5    God:    Sif Muna [......]
Gold:   155        SH:  4    Dex: 10    Spells: 5/5 levels left

rFire   . . .        a - +0 trident
rCold   + . .        c - +0 buckler
rNeg    . . .        b - +0 scale mail
rPois   .            (helmet restricted)
rElec   .            (no cloak)
rCorr   .            (no gloves)
SInv    .            (no boots)
Will    +....        (no amulet) Stlth
                     f - ring of protection from cold
HPRegen 0.29/turn    (no ring)
MPRegen 0.09/turn

%: no passive effects
@: mighty, enlightened, flying
A: horns 2, retaliatory headbutt
a: Renounce Religion


You were on level 5 of the Dungeon.
You worshipped Sif Muna.
Sif Muna was noncommittal.
You visited 1 branch of the dungeon, and saw 4 of its levels.

You collected 155 gold pieces.

Inventory:

Hand Weapons
 a - a +0 trident (weapon)
 d - a +1 whip of distortion
 h - a +0 club
 n - a +0 sling
 o - a +0 short sword
 q - a +0 hand axe
 u - a +0 mace
Missiles
 p - 24 stones
Armour
 b - a +0 scale mail (worn)
 c - a +0 buckler (worn)
 r - a +0 ring mail
 v - a +0 helmet
Jewellery
 f - a ring of protection from cold (left hand)
Scrolls
 e - 2 scrolls of identify {unknown}
 g - a scroll of brand weapon {unknown}
 i - a scroll of teleportation {unknown}
 j - a scroll of noise {unknown}
 l - a scroll of enchant armour {unknown}
 m - a scroll of butterflies {unknown}
 x - a scroll of amnesia {unknown}
Potions
 k - 2 potions of magic {unknown}
 s - a potion of haste {unknown}
 t - a potion of berserk rage {unknown}


   Skills:
 + Level 4.9 Fighting
 + Level 6.0 Polearms
 + Level 5.0 Armour
 + Level 1.1 Dodging
 + Level 0.1 Stealth
 + Level 4.1 Shields


You had 5 spell levels left.
You didn't know any spells.
Your spell library was empty.

Dungeon Overview and Level Annotations

Branches:
Dungeon (5/15)
 Temple: D:4-7

Altars:
Fedhas
Sif Muna
Uskayaw


Innate Abilities, Weirdness & Mutations

You have a pair of horns on your head.
You reflexively headbutt those who attack you in melee.


Message History

* * * LOW HITPOINT WARNING * * *
You hit the gnoll.
You kill the gnoll!
Sif Muna accepts your kill.
Things that are here:
a +0 club; a gnoll corpse
There is a stone staircase leading down here.
You climb downwards.
There is a stone staircase leading up here.
The gnoll bouda barely misses you.
You puncture the gnoll bouda!
The gnoll bouda is severely wounded.
You block the gnoll bouda's attack.
You barely miss the gnoll bouda. You headbutt the gnoll bouda!
You kill the gnoll bouda!
Sif Muna accepts your kill.
Your Polearms skill increases to level 6!
A centaur comes into view.
Things that are here:
a +1 whip of distortion; a +0 robe
d - a +1 whip of distortion The centaur shouts!
You hear a shout!
The centaur wields a +0 orcbow.
The centaur shoots an arrow.
The arrow hits you!
* * * LOW HITPOINT WARNING * * *
The centaur unwields a +0 orcbow.
The centaur hits you but does no damage.
The centaur barely misses you. x2; You furiously retaliate!
You headbutt the centaur! The centaur misses you.
You barely miss the centaur.
The centaur is heavily wounded.
The centaur hits you.
* * * LOW HITPOINT WARNING * * *
The centaur kicks you but does no damage.
It was a potion of enlightenment.
You feel very buoyant.
You fly up into the air.
The centaur hits you.
* * * LOW HITPOINT WARNING * * *
The centaur barely misses you. The centaur hits you.
You die...

.........†....#
#.......#....#
#......#<#...#
#
#..)#...####..#
#............#
#...)....##$.#
#####..[.## .#
P..####.....##
~~.....@.....#
~..###c.......#
#......##.#
..#...## ##
.#....##
####...# #...
#..#


You could see a centaur.

Vanquished Creatures
  A phantom (D:4)
  A scorpion (D:5)
  A gnoll bouda (D:5)
  An orc wizard (D:4)
  3 gnolls
  6 adders
  A shadow imp (D:5)
  2 worms (D:4)
  3 dart slugs
  4 orcs (D:4)
  7 ball pythons
  4 endoplasms
  4 giant cockroaches
  7 hobgoblins
  10 kobolds
  2 quokkas
  A bat (D:2)
  A frilled lizard (D:2)
  7 goblins
  A rat (D:2)
67 creatures vanquished.

Notes
Turn   | Place    | Note
-------+----------+-------------------------------------------
     0 | D:1      | sunglassesatnite the Minotaur Fighter began the quest for
                  | the Orb.
     0 | D:1      | Reached XP level 1. HP: 19/19 MP: 0/0
   171 | D:1      | Reached XP level 2. HP: 27/27 MP: 1/1
   477 | D:2      | Reached XP level 3. HP: 33/33 MP: 2/2
   605 | D:2      | Reached skill level 3 in Polearms
   928 | D:2      | You fall into a shaft and drop 2 floors!
   969 | D:4      | Reached XP level 4. HP: 26/40 MP: 3/3
   991 | D:4      | Found a shimmering blue altar of Sif Muna.
  1003 | D:4      | Became a worshipper of Sif Muna the Loreminder
  1096 | D:4      | Noticed a phantom
  1112 | D:4      | Killed a phantom
  1113 | D:4      | Reached skill level 4 in Polearms
  1113 | D:4      | Reached XP level 5. HP: 44/47 MP: 4/4
  1198 | D:4      | Found a blossoming altar of Fedhas.
  1300 | D:4      | Reached skill level 5 in Polearms
  1318 | D:4      | Found a hide-covered altar of Uskayaw.
  1486 | D:5      | Entered Level 5 of the Dungeon
  1491 | D:5      | Reached skill level 1 in Dodging
  1491 | D:5      | Reached XP level 6. HP: 22/55 MP: 5/5
  1696 | D:5      | Reached skill level 5 in Armour
  1712 | D:5      | Reached skill level 6 in Polearms
  1717 | D:5      | HP: 1/55 [centaur (2)]
  1717 | D:5      | Slain by a centaur

Illustrated notes

Levels and vault maps discovered:
D:1:      lemuel_arrival_behind_the_door_large, layout_loops_corners
D:2:      layout_rooms, minmay_misc_feat_x
D:4:      layout_gridville, marbit_many_paths, eat_drink_and_be_merry_uskayaw,
          lemuel_doored_altar, st_stairs_12, minmay_misc_feat_rugged
D:5:      layout_layer_cave, nicolae_ru_the_path_less_chosen,
          minmay_temple_entry_proselytizer, serial_shops, shop, shop, shop,
          nicolae_shop_statue_plus, serial_bayou, serial_bayou_pond_b,
          serial_bayou_pond_c, serial_bayou_pond_b, serial_bayou_lagoon_a,
          st_stairs_14, corexii_shack

Skill      XL: |  1  2  3  4  5  6 |
---------------+-------------------+-----
Armour         | 4 5 |  5.0
Fighting       | 4 |  4.9
Shields        | 4 |  4.1
Polearms       | 3 4 5 6 |  6.0
Dodging        | 1 |  1.1
Stealth        | |  0.1

Action                     |  1- 3 |  4- 6 || total
---------------------------+-------+-------++-------
  Melee: Trident           |    85 |    78 ||   163
         Headbutt          |     8 |    11 ||    19
    Use: Potion            |       |     3 ||     3
 Armour: Scale mail        |    45 |    34 ||    79
  Dodge: Dodged            |    42 |    44 ||    86
  Block: Buckler           |    17 |    12 ||    29

Table legend: (Time is in decaauts)
 A = Elapsed time spent in this place.
 B = Non-inter-level travel time spent in this place.
 C = Inter-level travel time spent in this place.
 D = Time resting spent in this place.
 E = Time spent auto-exploring this place.
 F = Levels seen in this place.
 G = Mean time per level.
                   A        B        C        D        E       F      G
               +--------+--------+--------+--------+--------+-----+--------+
         Total |   1740 |    425 |   1315 |      0 |      0 |   4 |  435.0 |
       Dungeon |   1740 |    425 |   1315 |      0 |      0 |   4 |  435.0 |
               +--------+--------+--------+--------+--------+-----+--------+

Top non-repeatable levels by time:
     D:4: 763 daAuts
     D:2: 476 daAuts
     D:1: 465 daAuts
     D:5: 35 daAuts
